 Dungeon Sprint DCSS version 0.18-a0-1435-gee79d65 (webtiles) character file.

800000 geek the Executioner (level 13, -25/122 HPs)
             Began as a Demonspawn Chaos Knight on Feb 28, 2016.
             Was an Initiate of Makhleb.
             Annihilated by a meat berserker
             ... wielding a +9 battleaxe
              (29 damage)
             ... in the Dungeon (Sprint VIII: "Arena of Blood").
             The game lasted 00:00:24 (8 turns).

geek the Executioner (Demonspawn Chaos Knight)         Turns: 8, Time: 00:00:24

Health: -25/122    AC:  8    Str: 15    XL:     13   Next: 0%
Magic:  0/13       EV: 14    Int: 14    God:    Makhleb [......]
Gold:   0          SH:  0    Dex: 15    Spells: 0 memorised, 12 levels left

rFire  . . .     SeeInvis .     j - +∞ Axe of Woe
rCold  . . .     Gourm    .     b - +2 leather armour
rNeg   . . .     Faith    .     (shield currently unavailable)
rPois  .         Spirit   +     (no helmet)
rElec  .         Dismiss  .     (no cloak)
rCorr  .         Reflect  .     (no gloves)
SustAt .         Harm     .     (no boots)
MR     .....     NoTele   +     (no amulet)
Stlth  +.........               (no ring)
                                (no ring)

@: not resistant to hostile enchantments, very unstealthy
A: hooves 1, thin metallic scales 1, spiny 2, magic shield
a: Renounce Religion


You were in the Dungeon.
You worshipped Makhleb.
Makhleb was noncommittal.
You were not hungry.

You visited 1 branch

Inventory:

Hand Weapons
 a - a +0 hand axe of chaos
 j - the +∞ Axe of Woe (weapon)
   (You found it in the Dungeon)
Armour
 b - a +2 leather armour (worn)
Scrolls
 i - a scroll of blinking
Potions
 d - a potion of curing
 e - a potion of heal wounds
 f - a potion of haste
 g - 2 potions of magic
 h - a potion of berserk rage
Comestibles
 c - a bread ration


   Skills:
 + Level 18.2 Fighting
 * Level 22.3 Axes
 + Level 10.1 Armour
 + Level 4.4 Dodging


You had 12 spell levels left.
You didn't know any spells.

Dungeon Overview and Level Annotations

Branches:
Dungeon (1/1)

Altars:
Makhleb


Innate Abilities, Weirdness & Mutations

You have large cloven feet.
You are partially covered in thin metallic scales (AC +2).
You are mostly covered in sharp spines.
When hurt, damage is shared between your health and your magic reserves.


Message History

You have reached level 12!
Your experience leads to an increase in your attributes!
Increase (S)trength, (I)ntelligence, or (D)exterity?
You feel agile. x2
You have reached level 13!
Your demonic ancestry asserts itself...
Sharp spines emerge from more of your body.
You hear a shout! x9
Unknown command.
Unknown command.
Unknown command.
Drop what? 10/52 slots (_ for help) (? for menu, Esc to quit)
Okay, then.
You hear a shout! x6
The meat berserker hits you with a +9 battleaxe!!!
* * * LOW HITPOINT WARNING * * *
You hear a shout! x5
You hear a shout!
The meat berserker hits you with a +9 battleaxe!!
You die...

.. .. .. .. #O
.# #.. ..#
.###.. ..###.
......###......
......)@O......
....#.....#....
. #_.<._# .
#.....#
....._.....
......###......
.###.. ..###.
#.. ..# #.. ..#


You could see a meat berserker (berserk).

Vanquished Creatures
  An ogre (D)
1 creature vanquished.

Notes
Turn   | Place    | Note
--------------------------------------------------------------
     0 | D        | geek the Demonspawn Chaos Knight began the quest for the Orb.
     0 | D        | Reached XP level 1. HP: 18/18 MP: 1/1
     3 | D        | Noticed a meat berserker
     4 | D        | Fell from the grace of Xom
     4 | D        | Became a worshipper of Makhleb the Destroyer
     6 | D        | Noticed a meat berserker
     6 | D        | Killed a meat berserker
     6 | D        | Reached skill level 22 in Axes
     6 | D        | Reached skill level 10 in Armour
     6 | D        | Gained mutation: You have large cloven feet. [demonic ancestry]
     6 | D        | Reached XP level 2. HP: 21/48 MP: 2/2
     6 | D        | Gained mutation: When hurt, damage is shared between your health and your magic reserves. [demonic ancestry]
     6 | D        | Reached XP level 3. HP: 23/54 MP: 3/3
     6 | D        | Reached XP level 4. HP: 26/62 MP: 4/4
     6 | D        | Reached XP level 5. HP: 28/68 MP: 5/5
     6 | D        | Reached XP level 6. HP: 30/75 MP: 6/6
     6 | D        | Gained mutation: You are partially covered in thin metallic scales (AC +2). [demonic ancestry]
     6 | D        | Reached XP level 7. HP: 32/82 MP: 7/7
     6 | D        | Reached XP level 8. HP: 34/89 MP: 8/8
     6 | D        | Reached XP level 9. HP: 36/95 MP: 9/9
     6 | D        | Gained mutation: You are partially covered in sharp spines. [demonic ancestry]
     6 | D        | Reached XP level 10. HP: 39/103 MP: 10/10
     6 | D        | Reached XP level 11. HP: 41/109 MP: 11/11
     6 | D        | Reached XP level 12. HP: 43/116 MP: 12/12
     6 | D        | Gained mutation: You are mostly covered in sharp spines. [demonic ancestry]
     6 | D        | Reached XP level 13. HP: 45/122 MP: 13/13
     7 | D        | HP: 4/122 [meat berserker/+9 battleaxe (42)]
     8 | D        | Annihilated by a meat berserker

Vault maps used:
D:        meatsprint

Skill      XL: |  1 |
---------------+----+-----
Fighting       | 18 | 18.2
Axes           | 22 | 22.3
Armour         | 10 | 10.1
Dodging        | 4 |  4.4

Action                   |  1- 3 |  4- 6 |  7- 9 | 10-12 | 13-15 || total
-------------------------+-------+-------+-------+-------+-------++-------
Melee: Executioner's axe |     1 |       |       |       |       ||     1
